 Dungeon Crawl Stone Soup version 0.21.1-1-g345015f (webtiles) character file.

263 nicolaieve the Cleaver (level 5, -1/45 HPs)
             Began as a Minotaur Berserker on June 13, 2018.
             Was a Priest of Trog.
             Slain by Grinder (6 damage)
             ... while paralysed by Grinder
             ... on level 3 of the Dungeon.
             The game lasted 00:09:06 (1856 turns).

nicolaieve the Cleaver (Minotaur Berserker)         Turns: 1856, Time: 00:09:07

Health: -1/45      AC:  9    Str: 21    XL:     5   Next: 98%
Magic:  4/4        EV:  2    Int:  4    God:    Trog [***...]
Gold:   147        SH:  0    Dex: 11    Spells: 4/4 levels left

rFire    . . .     SeeInvis .   a - +0 hand axe
rCold    . . .     Gourm    .   (no shield)
rNeg     . . .     Faith    .   b - +0 chain mail
rPois    .         Spirit   .   (helmet restricted)
rElec    .         Reflect  .   (no cloak)
rCorr    .         Harm     .   (no gloves)
MR       .....                  g - +0 pair of boots
Stlth    ..........             (no amulet)
HPRegen  0.15/turn              (no ring)
MPRegen  0.09/turn              (no ring)

@: paralysed
A: retaliatory headbutt, horns 2
a: Berserk, Trog's Hand, Burn Spellbooks, Renounce Religion


You were on level 3 of the Dungeon.
You worshipped Trog.
Trog was most pleased with you.
You were not hungry.

You visited 1 branch of the dungeon, and saw 3 of its levels.

You collected 147 gold pieces.

Inventory:

Hand Weapons
 a - a +0 hand axe (weapon)
Armour
 b - a +0 chain mail (worn)
 g - a +0 pair of boots (worn)
 m - a +0 scale mail
Scrolls
 e - 2 scrolls of teleportation {unknown}
 f - a scroll of noise {unknown}
 h - 3 scrolls of identify {unknown}
 i - 3 scrolls of remove curse {unknown}
 l - a scroll of magic mapping {unknown}
 p - a scroll of enchant armour {unknown}
 r - a scroll of enchant weapon {unknown}
Potions
 d - 2 potions of curing {unknown}
 j - a potion of resistance {unknown}
 k - a potion of invisibility {unknown}
 n - a potion of heal wounds {unknown}
 q - a potion of mutation {unknown}
 s - a potion of brilliance {unknown}
Comestibles
 c - 4 rations
 o - 13 chunks of flesh


   Skills:
 - Level 3.6 Fighting
 + Level 8.1 Axes
 - Level 2.4 Armour
 - Level 2.1 Dodging


You had 4 spell levels left.
You didn't know any spells.

Dungeon Overview and Level Annotations

Branches:
Dungeon (3/15)

Altars:
Dithmenos
Okawaru
Ru
Xom

Annotations:
D:3 Grinder


Innate Abilities, Weirdness & Mutations

You reflexively headbutt those who attack you in melee.
You have a pair of horns on your head.


Message History

Grinder is heavily wounded.
Grinder misses you.
You hit Grinder. Your headbutt misses Grinder.
Grinder is severely wounded.
Grinder hits you.
You writhe in agony.
You hit Grinder but do no damage.
Grinder is severely wounded.
You closely miss Grinder.
Grinder is severely wounded.
Grinder blinks!
You hit Grinder but do no damage.
Grinder is severely wounded.
Grinder gestures at you.
You suddenly lose the ability to move!
Grinder hits you.
* * * LOW HITPOINT WARNING * * *
You writhe in agony.
* * * LOW HITPOINT WARNING * * *
Grinder hits you.
You die...

#### ...#####################
...............5@.......
..#.#################### #####
#.....# ########## #####....
#..##.## #..).....######.....###
..###..####...........##.........
..##............................#
................................#
....##.....#.#####..............#
...####.........................#


You could see Grinder.

Vanquished Creatures
  The ghost of DarkwingDuck the Sneak, an amateur GnWn (D:3)
  A centaur skeleton (D:2)
  Robin (D:2)
  3 adders
  An ooze (D:2)
  2 worms
  4 dart slugs
  5 leopard geckos
  10 bats
  5 giant cockroaches
  12 goblins
  9 hobgoblins
  10 jackals
  A quokka (D:3)
  3 ball pythons
  7 frilled lizards
  6 kobolds
  7 rats
88 creatures vanquished.

Notes
Turn   | Place    | Note
-------+----------+-------------------------------------------
     0 | D:1      | nicolaieve the Minotaur Berserker began the quest for the Orb.
     0 | D:1      | Reached XP level 1. HP: 19/19 MP: 0/0
    32 | D:1      | Reached skill level 4 in Axes
    42 | D:1      | Reached XP level 2. HP: 17/26 MP: 1/1
   132 | D:1      | Reached ** piety under Trog
   135 | D:1      | Reached skill level 5 in Axes
   320 | D:1      | Reached XP level 3. HP: 22/31 MP: 2/2
   807 | D:2      | Noticed Robin
   815 | D:2      | Killed Robin
   815 | D:2      | Reached skill level 6 in Axes
   815 | D:2      | Reached XP level 4. HP: 39/39 MP: 3/3
   878 | D:2      | Found a sacrificial altar of Ru.
   907 | D:2      | Reached *** piety under Trog
  1018 | D:2      | Found a shimmering altar of Xom.
  1021 | D:2      | Found an iron altar of Okawaru.
  1348 | D:3      | Reached XP level 5. HP: 45/45 MP: 4/4
  1354 | D:3      | Noticed DarkwingDuck's ghost (amateur GnWn)
  1363 | D:3      | Killed DarkwingDuck's ghost
  1363 | D:3      | Reached skill level 7 in Axes
  1445 | D:3      | Reached skill level 8 in Axes
  1620 | D:3      | Found a shadowy altar of Dithmenos.
  1839 | D:3      | Noticed Grinder
  1854 | D:3      | Paralysed by Grinder for 4 turns
  1856 | D:3      | Slain by Grinder

Skill      XL: |  1  2  3  4  5 |
---------------+----------------+-----
Axes           | 4 5 6 8 |  8.1
Fighting       | |  3.6
Armour         | |  2.4
Dodging        | |  2.1

Action                   |  1- 3 |  4- 6 || total
-------------------------+-------+-------++-------
Melee: Hand axe          |    66 |    75 ||   141
       Headbutt          |    12 |    17 ||    29
Invok: Berserk           |     1 |     1 ||     2
  Eat: Chunk             |       |     5 ||     5
Armor: Animal skin       |    15 |       ||    15
       Scale mail        |     5 |       ||     5
       Chain mail        |       |    24 ||    24
Dodge: Dodged            |    56 |    28 ||    84
